 Seeded DCSS version 0.29.1-12-g30fa7ad0bf (webtiles) character file.

Game seed: 1 (custom seed)

15246 Kazon the Carver (level 11, -3/84 HPs)
             Began as a Demonspawn Gladiator on Dec 13, 2022.
             Was a High Priest of Okawaru.
             Succumbed to Rupert's poison
             ... on level 12 of the Dungeon on Dec 14, 2022.
             The game lasted 00:43:29 (9568 turns).

Kazon the Carver (Demonspawn Gladiator)             Turns: 9568, Time: 00:43:29

Health: -3/84      AC: 13    Str: 18    XL:     11   Next: 99%
Magic:  10/17      EV: 32    Int: 10    God:    Okawaru [*****.]
Gold:   655        SH:  8    Dex: 15    Spells: 10/10 levels left

rFire   + . .      SeeInvis .   s - +3 falchion of Winter {venom, rCorr}
rCold   + + .      Faith    .   c - +2 buckler
rNeg    + . .      Spirit   .   V - +0 troll leather armour
rPois   .          Reflect  .   E - +0 helmet
rElec   .          Harm     .   S - scarf {rC+ rF+}
rCorr   +          Rampage  .   (no gloves)
Will    .....                   l - +2 pair of boots
Stlth   +++.......              g - amulet of the acrobat
HPRegen 1.04/turn               m - ring of positive energy
MPRegen 0.15/turn               G - ring of protection from cold

@: lethally poisoned (-3 -> -16), heroic, finesse-ful, acrobatic
A: claws 2, yellow scales 2, powered by death 1, spiny 2
a: Renounce Religion, Heroism, Finesse, Duel


You were on level 12 of the Dungeon.
You worshipped Okawaru.
Okawaru was extremely pleased with you.
You visited 2 branches of the dungeon, and saw 13 of its levels.

You collected 881 gold pieces.
You spent 226 gold pieces at shops.

Inventory:

Hand Weapons
 a - the +5 long sword of the Land of Plenty {drain, Dex+3}
   (You found it on level 10 of the Dungeon)

   A truly terrible weapon, it drains the life of any living foe it strikes.
   Dex:       It affects your dexterity (+3).
 e - a +2 dagger of venom
 s - the +3 falchion of Winter (weapon) {venom, rCorr}
   (You bought it in a shop on level 3 of the Dungeon)

   It poisons the flesh of those it strikes.
   rCorr:     It protects you from acid and corrosion.
Missiles
 d - 3 throwing nets
 k - 25 stones (quivered)
 o - a javelin
 r - 23 boomerangs
 B - 4 curare-tipped darts
 K - 33 poisoned darts
 Y - a silver javelin
Armour
 c - a +2 buckler (worn)
 f - a +2 plate armour of cold resistance
 l - a +2 pair of boots (worn)
 E - a +0 helmet (worn)
 R - +0 acid dragon scales
 S - a scarf of resistance (worn)
 V - a +0 troll leather armour (worn)
Jewellery
 g - an amulet of the acrobat (around neck)
 m - a ring of positive energy (left claw)
 G - a ring of protection from cold (right claw)
 Q - a ring of protection from cold
Wands
 C - a wand of mindburst (20)
 D - a wand of flame (41)
 J - a wand of paralysis (26)
 M - a wand of roots (6)
 T - a wand of polymorph (7)
Scrolls
 i - 13 scrolls of identify
 n - a scroll of immolation
 p - 2 scrolls of poison {unknown}
 q - 3 scrolls of fog {unknown}
 t - a scroll of magic mapping {unknown}
 u - 2 scrolls of noise {unknown}
 w - 4 scrolls of teleportation
 y - 2 scrolls of enchant weapon {unknown}
 L - 2 scrolls of fear
 N - a scroll of amnesia {unknown}
 O - a scroll of summoning {unknown}
 W - a scroll of vulnerability {unknown}
Potions
 b - 3 potions of berserk rage
 h - 2 potions of haste {unknown}
 j - 5 potions of attraction {unknown}
 v - 5 potions of lignification {unknown}
 x - 2 potions of flight
 z - a potion of magic
 A - 2 potions of cancellation {unknown}
 F - 2 potions of degeneration {unknown}
 H - 2 potions of curing
 I - a potion of might
 U - a potion of invisibility {unknown}
Miscellaneous
 P - a condenser vane
 X - a phial of floods


   Skills:
 * Level 7.6(12.6) Fighting
 + Level 3.4(11.7) Short Blades
 + Level 9.0(14.3) Long Blades
 + Level 6.9(11.9) Throwing
 + Level 5.6(10.6) Armour
 + Level 5.9(10.9) Dodging
 + Level 1.9(6.9) Stealth
 + Level 4.6(9.6) Shields
 * Level 9.0 Invocations
 * Level 7.1 Evocations


You had 10 spell levels left.
You didn't know any spells.
Your spell library contained the following spells:

 Spells                   Type           Power      Damage    Failure   Level
 Apportation              Tloc           0%         N/A       47%         1
 Magic Dart               Conj           0%         1d3       47%         1
 Necrotise                Necr           0%         1d4       47%         1
 Sting                    Tmut/Pois      0%         1d3       47%         1
 Poisonous Vapours        Pois/Air       0%         N/A       63%         2
 Mephitic Cloud           Conj/Pois/Air  0%         N/A       85%         3
 Ozocubu's Armour         Ice            0%         N/A       85%         3
 Olgreb's Toxic Radiance  Pois           0%         N/A       99%         4
 Fireball                 Conj/Fire      0%         3d3       100%        5
 Iskenderun's Battlesphe  Conj           0%         2d6       100%        5
 Metabolic Englaciation   Hex/Ice        0%         N/A       100%        5
 Conjure Ball Lightning   Conj/Air       0%         3x3d6     100%        6
 Orb of Destruction       Conj           0%         9d5       100%        7
 Summon Small Mammal      Summ           Unusable   N/A       N/A         1
 Call Imp                 Summ           Unusable   N/A       N/A         2
 Simulacrum               Ice/Necr       Unusable   N/A       N/A         6

Dungeon Overview and Level Annotations

Branches:
Dungeon (12/15)            Temple (1/1) D:7            Lair (0/5) D:10
    Orc: D:9-12

Altars:
Ashenzari
Dithmenos
Gozag
Hepliaklqana
Makhleb
Nemelex Xobeh
Okawaru
Qazlal
Uskayaw
Xom

Shops:
D:3 (   D:8 ?(==   D:10 :

Annotations:
D:12 Rupert


Innate Abilities, Weirdness & Mutations

You have very sharp fingernails.
You are mostly covered in yellow scales. (AC +3)
You regenerate a little health from kills.
You are mostly covered in sharp spines.


Message History

You can now deal lightning-fast blows.
You feel very sick.
Rupert screams, "Hurray!"
Rupert hits you with a +2 executioner's axe of venom!!
You hit Rupert.
Rupert is lightly wounded.
You hit Rupert.
Rupert is poisoned.
Rupert is lightly wounded.
You feel sick.
Rupert roars madly and goes into a rage!
Rupert goes berserk!
You barely miss Rupert.
Rupert is lightly wounded.
You slash Rupert!
Rupert looks as sick as possible!
Rupert is lightly wounded.
You feel sick. Rupert is struck by your spines.
Rupert hits you with a +2 executioner's axe of venom!!
* * * LOW HITPOINT WARNING * * *
You are more poisoned.
You slash Rupert!
Rupert is moderately wounded.
You feel sick.
You slash Rupert!
Rupert looks as sick as possible!
Rupert is moderately wounded.
You feel sick.
You closely miss Rupert.
Rupert is moderately wounded.
You feel sick. You block Rupert's attack.
You hit Rupert.
Rupert looks as sick as possible!
Rupert is heavily wounded.
You feel sick.
You hit Rupert.
Rupert is heavily wounded.
You feel sick. Rupert is struck by your spines.
Rupert hits you with a +2 executioner's axe of venom!
* * * LOW HITPOINT WARNING * * *
You are more poisoned.
Unknown command.
Rupert attacks as you move away! Rupert closely misses you.
You die...

.!.....# #..
......####.#
........##.#
#......<.#.#
#..........#
####........
###########...#.##
#...............##
######@##########.#..##
#...@.#.# #.#..##
#.####.## #.#..## ##
#.#..## #.#..## #.#..##
#.#..# ..#


You could see Rupert (berserk, extremely poisoned).

Vanquished Creatures
  Erolcha (D:10)
  A two-headed ogre (D:9)
  An ugly thing (D:11)
  A manticore (D:12)
  Maggie (D:6)
  An unseen horror (D:11)
  4 kobold demonologists (D:11)
  A tengu conjurer (D:12)
  4 trolls
  Prince Ribbit (D:9)
  2 shadows
  A vampire (D:10)
  22 yaks
  2 wyverns
  Eustachio (D:5)
  2 steam dragons
  Menkaure (D:5)
  Edmund (D:6)
  2 acid dragons
  4 water moccasins
  5 orc warriors
  An ice beast (D:8)
  5 sky beasts
  2 black bears (D:6)
  5 centaurs
  An ogre (D:6)
  A wolf (D:10)
  2 phantoms (D:6)
  3 kobold brigands
  3 necrophages
  A bullfrog (D:7)
  A gnoll sergeant (D:7)
  5 scorpions
  21 wights
  3 killer bees (D:10)
  An electric eel (D:10)
  A howler monkey (D:5)
  2 jellies (D:6)
  6 hounds
  7 orc priests
  A gnoll bouda (D:7)
  6 iguanas
  4 orc wizards
  Robin (D:3)
  15 gnolls
  13 adders
  3 shadow imps
  2 white imps (D:7)
  An ufetubus (D:5)
  3 worms
  37 orcs
  11 endoplasms
  A giant cockroach (D:1)
  16 goblins
  9 hobgoblins
  A jackal (D:4)
  27 kobolds
  2 quokkas
  5 ball pythons
  4 bats
  3 frilled lizards
  6 rats
301 creatures vanquished.

Notes
Turn   | Place    | Note
-------+----------+-------------------------------------------
     0 | D:1      | Kazon the Demonspawn Gladiator began the quest for the Orb.
     0 | D:1      | Reached XP level 1. HP: 16/16 MP: 1/1
    35 | D:1      | Identified a scroll of acquirement
    35 | D:1      | Acquired a +2 plate armour of cold resistance
   164 | D:1      | Gained mutation: You are partially covered in sharp spines.
                  | [demonic ancestry]
   164 | D:1      | Reached XP level 2. HP: 18/22 MP: 2/2
   776 | D:2      | Gained mutation: You regenerate a little health from kills.
                  | [demonic ancestry]
   776 | D:2      | Reached XP level 3. HP: 27/27 MP: 3/3
   953 | D:2      | Reached skill level 1 in Armour
  1039 | D:2      | Reached XP level 4. HP: 34/34 MP: 4/4
  1127 | D:2      | You fall into a shaft and drop 1 floor!
  1127 | D:3      | Found Umat's Antique Weapon Boutique.
  1349 | D:3      | Bought a crude falchion for 184 gold pieces
  1349 | D:3      | Identified the +3 falchion of Winter {venom, rCorr} (You
                  | bought it in a shop on level 3 of the Dungeon)
  1576 | D:3      | Reached XP level 5. HP: 41/41 MP: 5/5
  1632 | D:3      | Noticed Robin
  1647 | D:3      | Killed Robin
  1685 | D:3      | Reached skill level 5 in Fighting
  1685 | D:3      | Reached skill level 5 in Long Blades
  1685 | D:3      | Reached XP level 6. HP: 51/51 MP: 5/9
  2248 | D:4      | Gained mutation: You have sharp fingernails. [demonic
                  | ancestry]
  2248 | D:4      | Reached XP level 7. HP: 56/56 MP: 10/10
  2610 | D:4      | Found a hazy altar of Hepliaklqana.
  2679 | D:5      | Entered Level 5 of the Dungeon
  3189 | D:5      | Gained mutation: You have very sharp fingernails. [demonic
                  | ancestry]
  3189 | D:5      | Reached XP level 8. HP: 24/62 MP: 11/11
  3500 | D:5      | Reached skill level 5 in Invocations
  3504 | D:5      | Noticed Eustachio
  3517 | D:5      | Killed Eustachio
  3518 | D:5      | Reached skill level 5 in Throwing
  3598 | D:5      | Noticed Menkaure
  3613 | D:5      | Killed Menkaure
  3951 | D:6      | Noticed Edmund
  3974 | D:6      | Killed Edmund
  3987 | D:6      | Gained mutation: You are mostly covered in sharp spines.
                  | [demonic ancestry]
  3987 | D:6      | Reached XP level 9. HP: 69/69 MP: 11/13
  4343 | D:6      | Reached skill level 5 in Armour
  4411 | D:6      | Noticed Maggie
  4427 | D:6      | Killed Maggie
  4765 | D:7      | Reached skill level 5 in Evocations
  4837 | D:7      | Reached skill level 5 in Dodging
  4946 | D:7      | Found a staircase to the Ecumenical Temple.
  4956 | Temple   | Entered the Ecumenical Temple
  4963 | Temple   | Became a worshipper of Warmaster Okawaru
  5016 | D:7      | Found a hide-covered altar of Uskayaw.
  5101 | D:6      | Gained mutation: You are partially covered in yellow
                  | scales. (AC +2) [demonic ancestry]
  5101 | D:6      | Reached XP level 10. HP: 68/76 MP: 14/14
  5755 | D:8      | Found Quzidd's Magic Scroll Emporium.
  5760 | D:8      | Bought a scroll of teleportation for 42 gold pieces
  5904 | D:8      | Found Zoxtaeshakh's Jewellery Boutique.
  5967 | D:8      | Found Heidghoki's Jewellery Shop.
  6091 | D:8      | Found Esumer's Weapon Shop.
  6418 | D:8      | Reached * piety under Okawaru
  6681 | D:9      | Noticed Prince Ribbit
  6693 | D:9      | Killed Prince Ribbit
  7134 | D:9      | Noticed a two-headed ogre
  7149 | D:9      | Killed a two-headed ogre
  7149 | D:9      | Reached ** piety under Okawaru
  7368 | D:10     | Entered Level 10 of the Dungeon
  7399 | D:10     | Reached skill level 1 in Stealth
  7494 | D:10     | Noticed Erolcha
  7511 | D:10     | Killed Erolcha
  7512 | D:10     | Gained mutation: You are mostly covered in yellow scales.
                  | (AC +3) [demonic ancestry]
  7512 | D:10     | Reached XP level 11. HP: 27/83 MP: 13/16
  7536 | D:10     | Identified the +5 long sword of the Land of Plenty {drain,
                  | Dex+3}
  7540 | D:10     | Found Juagoaq's Book Shoppe.
  7954 | D:10     | Found a staircase to the Lair.
  7992 | D:10     | Reached *** piety under Okawaru
  8307 | D:10     | Reached **** piety under Okawaru
  8711 | D:11     | Noticed a green ugly thing
  8725 | D:11     | Killed a green ugly thing
  9347 | D:11     | Received a gift from Okawaru
  9457 | D:11     | Reached ***** piety under Okawaru
  9555 | D:12     | Noticed Rupert
  9567 | D:12     | HP: 1/84 [Rupert/+2 executioner's axe of venom (15)]
  9568 | D:12     | Succumbed to Rupert's poison

Illustrated notes

Levels and vault maps discovered:
D:1:      dpeg_arrival_three_smaller_balls, layout_basic
D:2:      layout_loops_ring
D:3:      layout_basic, serial_shops, nicolae_shop_stone, st_stairs_9,
          minmay_misc_feat_doors, eino_curves_03, uniq_robin
D:4:      minmay_wonky_spiral, layout_basic,
          mainiacjoe_overflow_surrounded_room, minivault_5
D:5:      layout_cave_pods, uniq_menkaure, uniq_eustachio
D:6:      cheibrodos_barr_body, layout_basic, minmay_crystal_room,
          minmay_pentangle, uniq_maggie, uniq_edmund
D:7:      layout_cave_pools, nicolae_uskayaw_murder_on_the_dancefloor,
          elyvilon_altar_4, minmay_temple_entry_purple_smoke
D:8:      layout_basic, serial_shops, shop_statue, kennysheep_little_box, shop,
          nicolae_shop_window_shopping
D:9:      layout_cave_pools, uniq_prince_ribbit1
D:10:     layout_stronghold, erik_lair_island, serial_shops,
          nicolae_shop_statue_plus, uniq_erolcha
D:11:     layout_roguey
D:12:     layout_loops_ring, orc_0_dummy, chequers_serial_rivers_marsh,
          uniq_lodul, uniq_nessos, uniq_rupert
Temple:   nicolae_temple_bog_church

Skill      XL: |  1  2  3  4  5  6  7  8  9 10 11 |
---------------+----------------------------------+-----
Dodging        | 3 4 5 |  5.9
Long Blades    | 3 4 5 6 7 9 |  9.0
Armour         | 1 3 4 5 |  5.6
Fighting       | 3 5 6 7 |  7.6
Short Blades   | 3 |  3.4
Throwing       | 4 5 6 |  6.9
Shields        | 3 4 |  4.6
Invocations    | 4 5 6 7 9 |  9.0
Evocations     | 3 4 5 6 7 |  7.1
Stealth        | 1 |  1.9

Action                   |  1- 3 |  4- 6 |  7- 9 | 10-12 || total
-------------------------+-------+-------+-------+-------++-------
Melee: Long sword        |    60 |       |       |    30 ||    90
       Punch             |     1 |     1 |     1 |       ||     3
       Dagger            |     8 |     9 |       |    25 ||    42
       Falchion          |       |    59 |   238 |   401 ||   698
Throw: Stone             |       |    29 |    11 |    73 ||   113
       Boomerang         |       |       |    71 |    39 ||   110
       Dart              |       |       |     1 |    16 ||    17
       Javelin           |       |       |       |     2 ||     2
Invok: Heroism           |       |       |       |     7 ||     7
       Finesse           |       |       |       |     2 ||     2
  Use: Scroll            |     1 |       |     2 |     2 ||     5
       Potion            |       |     1 |     5 |     1 ||     7
 Stab: Sleeping          |       |       |       |     3 ||     3
       Distracted        |       |       |       |     1 ||     1
Armor: Leather armour    |    11 |       |       |       ||    11
       Plate armour      |    32 |    32 |    86 |       ||   150
       Acid dragon scale |       |       |    20 |    71 ||    91
       Troll leather arm |       |       |       |    30 ||    30
Dodge: Dodged            |    34 |    30 |    76 |   215 ||   355
Block: Buckler           |       |       |    36 |    99 ||   135
